 Dungeon Crawl Stone Soup version 0.28.0-43-g3370ac3207 (webtiles) character file.

Game seed: 6516941212442721900

180383 Peloso the Fencer (level 17, -11/168 HPs)
             Began as a Minotaur Fighter on Mar 17, 2022.
             Was the Champion of Okawaru.
             Mangled by a naga
             ... wielding a +0 vampiric short sword
              (23 damage)
             ... on level 2 of the Snake Pit.
             The game lasted 01:27:29 (31820 turns).

Peloso the Fencer (Minotaur Fighter)               Turns: 31820, Time: 01:27:30

Health: -11/168    AC: 31    Str: 30    XL:     17   Next: 64%
Magic:  7/8        EV: 21    Int:  5    God:    Okawaru [******]
Gold:   1263       SH: 13    Dex: 21    Spells: 16/16 levels left

rFire   + . .      SeeInvis .   b - +3 scimitar (flame)
rCold   x . .      Faith    .   c - +2 buckler of Vexation {+Inv Fly}
rNeg    + + .      Spirit   .   T - +8 chain mail of Gaseodix {rPois rN+ Str+2 Stlth+}
rPois   +          Reflect  .   w - +0 hat of Ytups {rN+ Str+2 Dex+5 Stlth-}
rElec   +          Harm     .   N - +0 cloak of Gezug {Will+ Regen+}
rCorr   .          Rampage  .   y - +1 pair of gloves
Will    +++..                   l - +1 pair of boots "Geisid" {rElec MP-9 Dex+3}
Stlth   ++........              r - amulet of regeneration
HPRegen 1.98/turn               j - ring of poison resistance
MPRegen 0.11/turn               X - ring of Imioh {Fire *Slow rElec Will+ Stlth+}

@: lethally poisoned (-11 -> -12), about to teleport, heroic, flying, studying
Ice Magic
A: horns 2, retaliatory headbutt
a: Renounce Religion, Evoke Invisibility, Heroism, Finesse, Duel


You were on level 2 of the Snake Pit.
You worshipped Okawaru.
Okawaru was exalted by your worship.
You visited 7 branches of the dungeon, and saw 30 of its levels.
You visited the Abyss 1 time.
You also visited: Ice Cave.

You collected 3132 gold pieces.
You spent 1869 gold pieces at shops.

Inventory:

Hand Weapons
 a - the +5 scimitar of the Asp {vorpal, Fly rN+}
   (You bought it in a shop on level 2 of the Orcish Mines)

   It inflicts extra damage upon your enemies.
   rN:        It protects you from negative energy.
   Fly:       It grants you flight.
 b - a +3 scimitar of flaming (weapon)
Armour
 c - the +2 buckler of Vexation (worn) {+Inv Fly}
   (Okawaru gifted it to you on level 3 of the Lair of Beasts)

   +Inv:      It lets you turn invisible.
   Fly:       It grants you flight.
 l - the +1 pair of boots "Geisid" (worn) {rElec MP-9 Dex+3}
   (You found it on level 2 of the Lair of Beasts)

   Dex:       It affects your dexterity (+3).
   rElec:     It insulates you from electricity.
   MP:        It affects your magic capacity (-9).
 w - the +0 hat of Ytups (worn) {rN+ Str+2 Dex+5 Stlth-}
   (Okawaru gifted it to you on level 1 of the Snake Pit)

   Str:       It affects your strength (+2).
   Dex:       It affects your dexterity (+5).
   rN:        It protects you from negative energy.
   Stlth:     It makes you less stealthy.
 y - a +1 pair of gloves (worn)
 N - the +0 cloak of Gezug (worn) {Will+ Regen+}
   (You acquired it on level 1 of the Elven Halls)

   Regen:     It increases your rate of health regeneration.
   Will:      It increases your willpower.
 T - the +8 chain mail of Gaseodix (worn) {rPois rN+ Str+2 Stlth+}
   (You bought it in a shop on level 2 of the Elven Halls)

   Str:       It affects your strength (+2).
   rPois:     It protects you from poison.
   rN:        It protects you from negative energy.
   Stlth:     It makes you more stealthy.
Jewellery
 g - a ring of resist corrosion
 j - a ring of poison resistance (left hand)
 r - an amulet of regeneration (around neck)
 A - a ring of see invisible
 F - an amulet of faith
 P - a ring of protection from fire
 Q - the ring of Ytahach {Fire Will+ Int-5 SInv}
   (You bought it in a shop on level 2 of the Elven Halls)

   [ring of fire]

   It enhances your fire magic.
   Int:       It affects your intelligence (-5).
   rF:        It protects you from fire.
   rC:        It makes you vulnerable to cold.
   SInv:      It lets you see invisible.
   Will:      It increases your willpower.
 X - the ring of Imioh (right hand) {Fire *Slow rElec Will+ Stlth+}
   (You found it on level 6 of the Lair of Beasts)

   [ring of fire]

   It enhances your fire magic.
   rF:        It protects you from fire.
   rC:        It makes you vulnerable to cold.
   rElec:     It insulates you from electricity.
   *Slow:     It may slow you when you take damage.
   Will:      It increases your willpower.
   Stlth:     It makes you more stealthy.
Wands
 m - a wand of paralysis (4)
 K - a wand of digging (2)
Scrolls
 e - a scroll of enchant armour
 f - 6 scrolls of magic mapping
 h - a scroll of enchant weapon
 k - 8 scrolls of teleportation
 o - a scroll of fear
 x - 2 scrolls of blinking
 J - 2 scrolls of identify
Potions
 d - 3 potions of might
 i - 12 potions of curing
 n - a potion of magic
 p - 3 potions of berserk rage
 z - 3 potions of haste
 H - 5 potions of resistance


   Skills:
 + Level 19.3(24.3) Fighting
 + Level 20.9(25.9) Long Blades
 + Level 15.7(20.7) Armour
 + Level 12.0(17.0) Dodging
 + Level 4.1(9.1) Stealth
 + Level 16.9(21.9) Shields
 + Level 1.8 Invocations
 + Level 1.5 Evocations


You had 16 spell levels left.
You didn't know any spells.
Your spell library contained the following spells:

 Spells                   Type           Power      Damage    Failure   Level
 Foxfire                  Conj/Fire      0%         2x1d4     82%         1
 Freeze                   Ice            0%         1d3       82%         1
 Shock                    Conj/Air       0%         1d3       82%         1
 Slow                     Hex            0%         N/A       82%         1
 Ensorcelled Hibernation  Hex/Ice        0%         N/A       91%         2
 Confusing Touch          Hex            0%         N/A       99%         3
 Conjure Flame            Conj/Fire      0%         6-21      99%         3
 Frozen Ramparts          Ice            0%         1d2       99%         3
 Ignite Poison            Fire/Tmut/Pois 0%         N/A       99%         3
 Inner Flame              Hex/Fire       0%         N/A       99%         3
 Mephitic Cloud           Conj/Pois/Air  0%         N/A       99%         3
 Portal Projectile        Hex/Tloc       0%         N/A       99%         3
 Spider Form              Tmut/Pois      0%         N/A       99%         3
 Swiftness                Air            0%         N/A       99%         3
 Vampiric Draining        Necr           0%         2d6       99%         3
 Airstrike                Air            0%         N/A       100%        4
 Anguish                  Hex/Necr       0%         N/A       100%        4
 Flame Wave               Conj/Fire      0%         2d4       100%        4
 Hailstorm                Conj/Ice       0%         3d3       100%        4
 Petrify                  Tmut/Erth      0%         N/A       100%        4
 Blade Hands              Tmut           0%         N/A       100%        5
 Excruciating Wounds      Necr           0%         N/A       100%        5
 Fireball                 Conj/Fire      0%         3d3       100%        5
 Freezing Cloud           Conj/Ice/Air   0%         6-21      100%        5
 Lee's Rapid Deconstruct  Erth           0%         3d5*      100%        5
 Lightning Bolt           Conj/Air       0%         1d11      100%        5
 Yara's Violent Unravell  Hex/Tmut       0%         3d3       100%        5
 Dispersal                Tloc           0%         N/A       100%        6
 Starburst                Conj/Fire      0%         6d3       100%        6
 Statue Form              Tmut/Erth      0%         N/A       100%        6
 Enfeeble                 Hex            0%         N/A       100%        7
 Borgnjor's Revivificati  Necr           0%         N/A       100%        8
 Disjunction              Tloc           0%         N/A       100%        8
 Ignition                 Fire           0%         3d3       100%        8
 Necromutation            Tmut/Necr      0%         N/A       100%        8
 Chain Lightning          Conj/Air       0%         N/A       100%        9
 Death's Door             Necr           0%         N/A       100%        9
 Animate Armour           Summ/Erth      Unusable   N/A       N/A         4
 Summon Lightning Spire   Summ/Air       Unusable   N/A       N/A         4
 Spellforged Servitor     Conj/Summ      Unusable   N/A       N/A         7

Dungeon Overview and Level Annotations

Branches:
Dungeon (15/15)            Temple (1/1) D:6            Lair (6/6) D:10
  Swamp (1/4) Lair:2        Snake (2/4) Lair:3        Slime (0/5) Lair:6
    Orc (2/2) D:12            Elf (3/3) Orc:2        Vaults (0/5) D:14
 Depths (0/4) D:15          IceCv (visited)

Altars:
Ashenzari
Cheibriados
Dithmenos
Elyvilon
Fedhas
Gozag
Hepliaklqana
Kikubaaqudgha
Makhleb
Nemelex Xobeh
Okawaru
Qazlal
Ru
Sif Muna
Trog
Uskayaw
Vehumet
Wu Jian
Xom
Yredelemnul
Zin
The Shining One
Beogh
Jiyva

Shops:
D:4 [[   D:14 *   Orc:2 ([*:(   Elf:1 *   Elf:2 (*!(

Portals:
Hell: Lair:6
Abyss: Lair:3
Trove: D:13 (give 8 scrolls of fog)

Annotations:
Snake:2 Aizul, Saint Roka
Elf:2 3 runed translucent doors


Innate Abilities, Weirdness & Mutations

You have a pair of horns on your head.
You reflexively headbutt those who attack you in melee.


Message History

The splash of poison misses you.
The splash of poison hits the shock serpent.
The shock serpent is poisoned.
The shock serpent bites you but does no damage.
The shock serpent hisses angrily.
You closely miss the naga.
The naga is lightly wounded.
You feel sick. You block the black mamba's attack.
The shock serpent barely misses you. You block the naga mage's attack.
The naga spits poison at you. The splash of poison hits you. You resist.
* * * LOW HITPOINT WARNING * * *
The naga warrior closely misses you.
The nagaraja hits you from afar with a +0 spear!!
* * * LOW HITPOINT WARNING * * *
The black mamba completely misses you.
The naga mage mumbles some strange words.
The naga mage seems to speed up.
You block the shock serpent's attack.
You hear an angry hiss.
Okay, then.
You hit the naga but do no damage. You headbutt the naga!
The naga is moderately wounded.
You block the shock serpent's attack. The naga warrior spits poison at you.
The splash of poison misses you.
The splash of poison hits the shock serpent.
The shock serpent looks even sicker.
The naga warrior roars a battlecry!
The naga goes into a battle-frenzy!
You block the black mamba's attack. The nagaraja misses you.
The shock serpent closely misses you.
The naga warrior roars a battlecry!
The salamander goes into a battle-frenzy!
The shock serpent closely misses you. You furiously retaliate!
You headbutt the shock serpent!
The shock serpent's electric aura discharges, shocking you!
You resist.
* * * LOW HITPOINT WARNING * * *
The naga hits you with a +0 vampiric short sword!!
You die...

......)..............#
#........########....#
.....$..##
#######....# ......###
.... #....# .######
N.. #....# .
#NN####### #.NN####


#.NNSNN# #NS@NNN# #NS##N.# #NSN N.# .N..N NN. ......N N.. ...##.. S. ... #.. .
.. ... You could see 5 naga warriors, 2 nagarajas, 4 naga sharpshooters, a
salamander tyrant (strong), a salamander mystic (strong), 2 salamanders, 2 shock
serpents, a guardian serpent, 2 black mambas, 3 naga magi and 6 nagas.

Vanquished Creatures
  A lich (Abyss:1)
  2 tentacled starspawn (Abyss:1)
  Frances (D:14)
  Roxanne (D:15)
  The ghost of kthxbai the Transmogrifier, an adept OpTm of Cheibriados (Swamp:1)
  An orc warlord (Orc:1)
  2 very ugly things (Abyss:1)
  Nessos (Lair:5)
  The ghost of DrunkBamboolord the Geomancer, a journeyman GrEE of Vehumet (Lair:6)
  An eleionoma (Swamp:1)
  Azrael (Snake:2)
  The ghost of Kaptain the Geomancer, a journeyman GrEE (Orc:1)
  A bunyip (Swamp:1)
  A deep elf annihilator (Elf:1)
  The ghost of Fuxod the Fighter, a journeyman GnWn of Xom (Lair:3)
  An ettin (Orc:1)
  Josephine (D:14)
  2 fire dragons (D:15)
  2 rakshasas
  8 vault guards (D:14)
  2 boulder beetles
  Fannar (D:12)
  6 naga warriors
  Harold (D:7)
  An ogre mage (D:10)
  15 hydras
  A salamander tyrant (Snake:2)
  A great orb of eyes (Lair:3)
  A catoblepas (D:15)
  4 centaur warriors
  A ghost crab (Swamp:1)
  A death knight (D:14)
  5 anacondas (Snake:1)
  3 two-headed ogres
  4 alligators
  17 dancing weapons
  7 death yaks
  A hell hog (Lair:3)
  The ghost of Elsvaer the Jinx, a journeyman DECj of Vehumet (D:11)
  A shock serpent (Snake:1)
  A thrashing horror (Abyss:1)
  2 naga sharpshooters (Snake:1)
  A sun demon (Lair:3)
  The ghost of Peloso the Carver, a novice MiFi of Okawaru (D:8)
  12 deep elf knights
  A soul eater (Lair:3)
  5 skeletal warriors (D:14)
  Nergalle (Lair:4)
  A sixfirhy (Lair:6)
  A wretched star (Abyss:1)
  A sea snake (shapeshifter) (D:14)
  A spatial maelstrom (Abyss:1)
  3 bog bodies (Swamp:1)
  2 goliath frogs (Swamp:1)
  8 deep elf archers
  A wizard (Lair:6)
  5 naga ritualists
  A swamp dragon (Lair:2)
  A wolf spider zombie (D:14)
  Pikel (D:7)
  3 mana vipers (Snake:1)
  27 deep elf pyromancers
  4 orc knights
  A lindwurm (Lair:4)
  6 orc sorcerers
  A necromancer (IceCv)
  17 ugly things
  11 deep elf zephyrmancers
  6 manticores
  3 cyclopes
  2 oklob plants
  2 salamanders (Snake:2)
  2 worldbinders (Abyss:1)
  A moth of wrath (D:11)
  4 elephants (Lair:3)
  An ice statue (IceCv)
  Joseph (D:7)
  A guardian serpent (Snake:2)
  2 molten gargoyles (Lair:4)
  A rust devil (Lair:3)
  5 naga magi
  A black mamba (shapeshifter) (D:10)
  A torpor snail (Lair:6)
  2 orange demons (Lair:6)
  13 black mambas
  12 cane toads
  A smoke demon (Lair:6)
  2 yaktaurs
  2 unseen horrors
  11 rime drakes
  7 freezing wraiths
  11 komodo dragons
  A yaktaur (shapeshifter) (D:15)
  An efreet (D:10)
  15 ice devils
  A guardian mummy (D:14)
  An entropy weaver simulacrum (IceCv)
  The ghost of Elsvaer the Conjurer, a novice DECj (D:5)
  A meliai (shapeshifter) (D:14)
  3 meliai (D:13)
  4 polar bears
  A tyrant leech (Swamp:1)
  4 trolls
  5 hornets
  Prince Ribbit (D:9)
  3 slime creatures
  A raiju (Lair:3)
  24 blink frogs
  A meliai zombie (D:14)
  2 dire elephant simulacra (IceCv)
  4 spriggans
  4 shadows
  4 wyverns
  2 ynoxinuls (Abyss:1)
  An air elemental (Elf:1)
  8 basilisks
  8 wraiths
  4 fire elementals
  42 yaks
  A chaos spawn (Abyss:1)
  2 death yak simulacra
  2 small abominations (Abyss:1)
  4 harpy simulacra (IceCv)
  9 vampire mosquitoes
  Grum (D:11)
  5 swamp worms
  5 wargs
  A spatial vortex (Abyss:1)
  9 nagas
  16 water moccasins
  8 hell hounds
  2 hydra simulacra (Lair:6)
  An acid dragon (D:10)
  30 orc warriors
  A large abomination (Abyss:1)
  An ice beast (D:7)
  3 black bears
  A black mamba simulacrum (Lair:6)
  4 necrophages
  16 wolves
  3 centaurs
  2 phantoms
  7 ogres
  2 lemures (D:7)
  5 kobold brigands
  12 bullfrogs
  An earth elemental (Elf:2)
  A gnoll sergeant (Orc:2)
  6 cane toad simulacra
  A wyvern zombie (D:8)
  3 scorpions
  A two-headed ogre simulacrum (IceCv)
  A spectral warg (Orc:1)
  A water moccasin skeleton (D:6)
  A dream sheep simulacrum (Lair:6)
  An orc simulacrum (Orc:1)
  6 elephant simulacra (IceCv)
  8 wights
  2 howler monkeys
  2 torpor snail simulacra (Lair:6)
  5 centaur zombies
  5 lava snakes (Lair:4)
  An iron imp (Abyss:1)
  2 jellies
  3 hounds (D:5)
  Crazy Yiuf (D:7)
  3 gnoll shamans
  15 orc priests
  A warg simulacrum (Orc:1)
  5 iguanas
  31 orc wizards
  5 polar bear simulacra (IceCv)
  2 hell rats (Lair:1)
  A troll simulacrum (IceCv)
  A killer bee zombie (D:5)
  3 wolf simulacra (IceCv)
  A centaur simulacrum (D:10)
  2 mummies (D:14)
  2 spectral orcs (Orc:1)
  2 howler monkey zombies (D:9)
  4 adders
  18 gnolls
  10 river rats (Lair:1)
  An ogre simulacrum (Orc:1)
  A white imp (IceCv)
  6 ufetubi
  5 worms
  A dart slug (D:1)
  63 orcs
  2 bats
  7 endoplasms
  6 giant cockroaches
  8 goblins
  3 hobgoblins
  2 quokkas
  6 ball pythons
  5 frilled lizards
  18 kobolds
  8 rats
  A bush (Lair:6)
  A starspawn tentacle (Abyss:1)
921 creatures vanquished.

Vanquished Creatures (others)
  A deep elf knight (Elf:3)
  A bloated husk (Swamp:1)
  10 bushes
  26 fungi
  14 plants
  5 starspawn tentacles (Abyss:1)
  A withered plant (D:14)
58 creatures vanquished.

Grand Total: 979 creatures vanquished

Notes
Turn   | Place    | Note
-------+----------+-------------------------------------------
     0 | D:1      | Peloso the Minotaur Fighter began the quest for the Orb.
     0 | D:1      | Reached XP level 1. HP: 19/19 MP: 0/0
   203 | D:1      | Reached XP level 2. HP: 27/27 MP: 1/1
   367 | D:1      | Found a faded altar of an unknown god.
   393 | D:1      | Reached skill level 3 in Long Blades
   393 | D:1      | Reached XP level 3. HP: 27/33 MP: 2/2
  1055 | D:2      | Reached XP level 4. HP: 28/41 MP: 3/3
  1735 | D:3      | Reached skill level 4 in Long Blades
  1920 | D:3      | Reached XP level 5. HP: 47/47 MP: 4/4
  2087 | D:3      | Reached skill level 5 in Armour
  2213 | D:3      | Found a sparkling altar of Nemelex Xobeh.
  2593 | D:4      | Found Qitriaqa's Armour Shop.
  2595 | D:4      | Identified the +5 scale mail of the Past {Harm rPois
                  | Will++}
  2617 | D:4      | Noticed a black bear
  2629 | D:4      | Killed a black bear
  2630 | D:4      | Reached skill level 5 in Long Blades
  2630 | D:4      | Reached XP level 6. HP: 42/53 MP: 5/5
  2735 | D:4      | Found a shimmering altar of Xom.
  2785 | D:4      | Reached skill level 1 in Dodging
  2842 | D:4      | Found Usturr's Antique Armour Shoppe.
  3105 | D:4      | Found a snail-covered altar of Cheibriados.
  3227 | D:4      | Reached skill level 5 in Fighting
  3232 | D:4      | Reached skill level 6 in Long Blades
  3238 | D:4      | Reached XP level 7. HP: 28/61 MP: 6/6
  3740 | D:5      | Entered Level 5 of the Dungeon
  4042 | D:5      | Found a runed translucent door.
  4046 | D:5      | Noticed Elsvaer's ghost (novice DECj)
  4157 | D:5      | Reached skill level 7 in Long Blades
  4157 | D:5      | Reached skill level 1 in Stealth
  4374 | D:6      | Found a staircase to the Ecumenical Temple.
  4423 | Temple   | Entered the Ecumenical Temple
  4946 | D:6      | Reached XP level 8. HP: 48/70 MP: 7/7
  5456 | D:7      | Noticed Harold
  5484 | D:7      | Killed Harold
  5485 | D:7      | Reached skill level 9 in Long Blades
  5485 | D:7      | Reached skill level 5 in Shields
  5538 | D:7      | Reached XP level 9. HP: 44/78 MP: 8/8
  5757 | D:7      | Noticed Joseph
  5772 | D:7      | Killed Joseph
  5862 | D:7      | Noticed a +0 spear
  5868 | D:7      | Found a hide-covered altar of Uskayaw.
  5868 | D:7      | Noticed a +0 falchion
  5870 | D:7      | Noticed a +0 dagger
  5870 | D:7      | Noticed a +0 falchion
  5871 | D:7      | Noticed a +0 dagger
  5871 | D:7      | Noticed a +0 short sword
  5872 | D:7      | Noticed a +0 short sword
  5872 | D:7      | Noticed a +0 spear
  6011 | D:7      | Reached skill level 10 in Long Blades
  6209 | D:7      | Found a runed translucent door.
  6210 | D:7      | Noticed Crazy Yiuf
  6218 | D:7      | Killed Crazy Yiuf
  6293 | D:7      | Noticed Pikel
  6313 | D:7      | Killed Pikel
  6765 | D:8      | Found a transporter.
  6845 | D:8      | Found a transporter.
  6851 | D:8      | Noticed a boulder beetle
  6886 | D:8      | Identified the +2 robe of Hangman {rC+ SInv}
  6905 | D:8      | Reached skill level 11 in Long Blades
  6974 | D:8      | Noticed Peloso's ghost (novice MiFi)
  7224 | D:9      | Found an iron altar of Okawaru.
  7230 | D:9      | Found a shimmering blue altar of Sif Muna.
  7270 | D:9      | Became a worshipper of Warmaster Okawaru
  7342 | D:9      | Reached XP level 10. HP: 76/77 MP: 9/9
  7698 | D:9      | Noticed Prince Ribbit
  7722 | D:9      | Reached skill level 5 in Dodging
  7750 | D:9      | Killed Prince Ribbit
  8206 | D:10     | Entered Level 10 of the Dungeon
  8225 | D:10     | Noticed a two-headed ogre
  8232 | D:10     | Killed a two-headed ogre
  8232 | D:10     | Reached * piety under Okawaru
  8246 | D:10     | Reached skill level 12 in Long Blades
  8349 | D:10     | Reached ** piety under Okawaru
  8468 | D:10     | Noticed a two-headed ogre
  8477 | D:10     | Killed a two-headed ogre
  8642 | D:10     | Noticed a centaur warrior
  8651 | D:10     | Killed a centaur warrior
  8652 | D:10     | Reached skill level 13 in Long Blades
  8707 | D:10     | Reached skill level 10 in Armour
  8707 | D:10     | Reached XP level 11. HP: 80/97 MP: 10/10
  8902 | D:10     | Reached *** piety under Okawaru
  8903 | D:10     | Noticed a deep elf pyromancer
  8908 | D:10     | Killed a deep elf pyromancer
  8993 | D:10     | Noticed a green ugly thing
  9000 | D:10     | Killed a green ugly thing
  9003 | D:10     | Reached **** piety under Okawaru
  9029 | D:10     | Noticed an ogre mage
  9034 | D:10     | Killed an ogre mage
  9034 | D:10     | Received a gift from Okawaru
  9035 | D:10     | Reached skill level 14 in Long Blades
  9098 | D:10     | Noticed a centaur warrior
  9102 | D:10     | Killed a centaur warrior
  9149 | D:10     | Found a staircase to the Lair.
  9343 | Lair:1   | Entered Level 1 of the Lair of Beasts
  9410 | Lair:1   | Reached skill level 10 in Fighting
  9485 | Lair:1   | Received a gift from Okawaru
  9667 | Lair:1   | Reached ***** piety under Okawaru
  9831 | Lair:1   | Reached skill level 15 in Long Blades
 10559 | Lair:2   | Reached XP level 12. HP: 99/108 MP: 11/11
 10754 | Lair:2   | Received a gift from Okawaru
 10834 | Lair:2   | Identified the +1 pair of boots "Geisid" {rElec MP-9 Dex+3}
 11059 | Lair:2   | Found a staircase to the Swamp.
 11366 | Lair:3   | Noticed Fuxod's ghost (journeyman GnWn)
 11368 | Lair:3   | Found a transporter.
 11368 | Lair:3   | Noticed a hell hog
 11375 | Lair:3   | Noticed a great orb of eyes
 11629 | Lair:3   | Noticed a rakshasa
 11631 | Lair:3   | Found a transporter.
 11637 | Lair:3   | Noticed an eight-headed hydra
 11659 | Lair:3   | Killed a one-headed hydra
 11659 | Lair:3   | Reached ****** piety under Okawaru
 11659 | Lair:3   | Identified the +2 buckler of Vexation {+Inv Fly} (Okawaru
                  | gifted it to you on level 3 of the Lair of Beasts)
 11659 | Lair:3   | Received a gift from Okawaru
 11660 | Lair:3   | Reached skill level 16 in Long Blades
 11718 | Lair:3   | Found a staircase to the Snake Pit.
 11908 | Lair:3   | Noticed a seven-headed hydra
 11915 | Lair:3   | Killed a four-headed hydra
 12150 | D:11     | Noticed Grum
 12180 | D:11     | Killed Grum
 12212 | D:11     | Found a transporter.
 12287 | D:11     | Found a shimmering blue altar of Sif Muna.
 12727 | D:11     | Found a transporter.
 12732 | D:11     | Noticed Elsvaer's ghost (journeyman DECj)
 13163 | D:12     | Noticed a two-headed ogre
 13168 | D:12     | Killed a two-headed ogre
 13211 | D:12     | Reached XP level 13. HP: 109/119 MP: 3/12
 13437 | D:12     | Noticed Fannar
 13460 | D:12     | Killed Fannar
 13525 | D:12     | Found a staircase to the Orcish Mines.
 13711 | D:12     | Identified the +8 short sword "Eviscerator" {flame, Will+
                  | Dex+4}
 14061 | D:13     | Found a portal to a secret trove of treasure.
 14161 | D:12     | Reached skill level 1 in Evocations
 14887 | Orc:1    | Entered Level 1 of the Orcish Mines
 14997 | Orc:1    | Found a frozen archway.
 15007 | IceCv    | Entered an ice cave
 15253 | IceCv    | Received a gift from Okawaru
 15260 | IceCv    | Reached skill level 10 in Shields
 15403 | IceCv    | Found an ancient bone altar of Kikubaaqudgha.
 15458 | IceCv    | Reached skill level 1 in Invocations
 15669 | IceCv    | Reached skill level 17 in Long Blades
 15701 | IceCv    | Identified the ring "Heutseus" {rN+ Dex+4}
 15816 | Orc:1    | Noticed an ettin
 15833 | Orc:1    | Killed an ettin
 15891 | Orc:1    | Found a runed translucent gate.
 15891 | Orc:1    | Found a runed translucent gate.
 15891 | Orc:1    | Found a runed translucent gate.
 15897 | Orc:1    | Noticed Kaptain's ghost (journeyman GrEE)
 16184 | Orc:2    | Entered Level 2 of the Orcish Mines
 16225 | Orc:2    | Noticed an orc warlord
 16258 | Orc:1    | Killed an orc warlord
 16258 | Orc:1    | Received a gift from Okawaru
 16588 | Orc:2    | Reached XP level 14. HP: 123/123 MP: 4/13
 16771 | Orc:2    | Found Wugo Bafio's Book Shop.
 16910 | Orc:2    | Found Symmefur's Antique Weapon Emporium.
 16918 | Orc:2    | Found a staircase to the Elven Halls.
 16921 | Orc:2    | Bought a steaming scimitar for 261 gold pieces
 16921 | Orc:2    | Identified the +5 scimitar of the Asp {vorpal, Fly rN+}
                  | (You bought it in a shop on level 2 of the Orcish Mines)
 17121 | Orc:2    | Found Nofaxafo's General Store.
 17159 | Orc:2    | Bought a scroll of identify for 28 gold pieces
 17375 | Orc:2    | Found Biadwit's Antique Armour Emporium.
 17376 | Orc:2    | Found Ekhar's Weapon Boutique.
 17912 | Lair:4   | Noticed Nergalle
 17922 | Lair:4   | Killed Nergalle
 17988 | Lair:4   | Received a gift from Okawaru
 18359 | Lair:4   | Identified the ring "Tackitag" {rC- rN+ Int+6 SInv}
 19000 | Lair:5   | Noticed Nessos
 19011 | Lair:5   | Killed Nessos
 19809 | Lair:6   | Entered Level 6 of the Lair of Beasts
 19809 | Lair:6   | Found a staircase to the Slime Pits.
 19809 | Lair:6   | Found a viscous altar of Jiyva.
 19826 | Lair:6   | Reached skill level 15 in Fighting
 19872 | Lair:6   | Found a runed translucent gate.
 19872 | Lair:6   | Found a runed translucent gate.
 19872 | Lair:6   | Found a runed translucent gate.
 20136 | Lair:6   | Received a gift from Okawaru
 20231 | Lair:6   | Reached skill level 10 in Dodging
 20235 | Lair:6   | Reached skill level 18 in Long Blades
 20360 | Lair:6   | Identified the +3 hat of the Beginning {Rampage rN+ Dex+4}
                  | (Okawaru gifted it to you on level 6 of the Lair of Beasts)
 20360 | Lair:6   | Received a gift from Okawaru
 20468 | Lair:6   | Reached XP level 15. HP: 141/141 MP: 5/14
 20610 | Lair:6   | Found a burning altar of Makhleb.
 20664 | Lair:6   | Found a gateway to Hell.
 20866 | Lair:6   | Noticed DrunkBamboolord's ghost (journeyman GrEE)
 21109 | Lair:6   | Killed DrunkBamboolord's ghost
 21128 | Lair:6   | Got the ring of Imioh {Fire *Slow rElec Will+ Stlth+}
 21130 | Lair:6   | Identified the amulet of the Spinneret {+Inv rN+ Will-
                  | Regen+ Dex+3}
 21401 | D:5      | Killed Elsvaer's ghost
 21863 | D:8      | Killed Peloso's ghost
 22227 | Lair:3   | Found a one-way gate to the infinite horrors of the Abyss.
 22231 | Lair:3   | Cast into level 1 of the Abyss (spriggan)
 22260 | Abyss:1  | Found a corrupted altar of Lugonu.
 22296 | Abyss:1  | Found an ancient bone altar of Kikubaaqudgha.
 22342 | Abyss:1  | Noticed a tentacled starspawn
 22355 | Abyss:1  | Killed a tentacled starspawn
 22387 | Abyss:1  | Noticed a lich
 22398 | Abyss:1  | Killed a lich
 22518 | Abyss:1  | Noticed a tentacled starspawn
 22524 | Abyss:1  | Killed a tentacled starspawn
 22606 | Lair:3   | Escaped the Abyss
 22877 | Lair:3   | Killed Fuxod's ghost
 23022 | D:11     | Killed Elsvaer's ghost
 23220 | Orc:1    | Killed Kaptain's ghost
 23353 | D:14     | Noticed Frances
 23366 | D:14     | Killed Frances
 23535 | D:14     | Identified the +0 robe of Knowledge {rPois Will+ Regen+
                  | Int-4} (Okawaru gifted it to you on level 14 of the
                  | Dungeon)
 23535 | D:14     | Received a gift from Okawaru
 23752 | D:14     | Noticed Josephine
 23776 | D:14     | Killed Josephine
 23777 | D:14     | Reached skill level 19 in Long Blades
 23994 | D:14     | Found a white marble altar of Elyvilon.
 24146 | D:14     | Found Wohi's General Store.
 24184 | D:14     | Found a gate to the Vaults.
 24217 | D:14     | Reached XP level 16. HP: 146/154 MP: 7/16
 24456 | D:15     | Entered Level 15 of the Dungeon
 24789 | D:15     | Found a staircase to the Depths.
 24966 | D:15     | Found an ancient bone altar of Kikubaaqudgha.
 24989 | D:15     | Identified Roxanne's Almanac of Earth
 24989 | D:15     | Noticed Roxanne
 25230 | D:15     | Killed Roxanne
 25532 | Snake:1  | Entered Level 1 of the Snake Pit
 25563 | Snake:1  | Received a gift from Okawaru
 25571 | Snake:1  | Reached skill level 15 in Shields
 25666 | Snake:1  | Identified the +0 hat of Ytups {rN+ Str+2 Dex+5 Stlth-}
                  | (Okawaru gifted it to you on level 1 of the Snake Pit)
 25666 | Snake:1  | Received a gift from Okawaru
 25679 | Snake:1  | HP: 6/155 [naga warrior/+0 glaive (23)]
 27141 | Swamp:1  | Entered Level 1 of the Swamp
 27179 | Swamp:1  | Found a shimmering altar of Xom.
 27192 | Swamp:1  | Reached skill level 20 in Long Blades
 27356 | Swamp:1  | Found a runed translucent door.
 27357 | Swamp:1  | Found a shimmering altar of Xom.
 27357 | Swamp:1  | Noticed kthxbai's ghost (adept OpTm)
 27727 | Swamp:1  | Received a gift from Okawaru
 27762 | Swamp:1  | Killed kthxbai's ghost
 27988 | Elf:1    | Entered Level 1 of the Elven Halls
 28096 | Elf:1    | Got the Compendium of Battle Magic
 28406 | Elf:1    | Found Kunal's General Store.
 28408 | Elf:1    | Paralysed by an air elemental for 1 turns
 28428 | Elf:1    | Bought a scroll of acquirement for 728 gold pieces
 28744 | Elf:1    | Reached XP level 17. HP: 158/166 MP: 8/17
 28820 | Elf:1    | Reached skill level 15 in Armour
 29456 | Elf:1    | Acquired the +0 cloak of Gezug {Will+ Regen+}
 29507 | Elf:2    | Found Jiotaler's Assorted Antiques.
 29511 | Elf:2    | Bought a steaming turquoise ring for 200 gold pieces
 29511 | Elf:2    | Identified the ring of Ytahach {Fire Will+ Int-5 SInv} (You
                  | bought it in a shop on level 2 of the Elven Halls)
 29513 | Elf:2    | Bought an ancient chain mail for 380 gold pieces
 29513 | Elf:2    | Identified the +8 chain mail of Gaseodix {rPois rN+ Str+2
                  | Stlth+} (You bought it in a shop on level 2 of the Elven
                  | Halls)
 29566 | Elf:2    | Found a runed translucent gate.
 29566 | Elf:2    | Found a runed translucent gate.
 29572 | Elf:2    | Found a runed translucent gate.
 29668 | Elf:2    | Found Ydioraan's Antique Weapon Shoppe.
 30310 | Elf:2    | Found Hefienikk's Distillery.
 30318 | Elf:2    | Found Vetem's Antique Weapon Shoppe.
 30347 | Elf:2    | Bought a potion of haste for 170 gold pieces
 30347 | Elf:2    | Bought a potion of curing for 51 gold pieces
 30347 | Elf:2    | Bought a potion of curing for 51 gold pieces
 30539 | Elf:2    | Identified the +1 ring mail "Ilidef" {Dex+4} (Okawaru
                  | gifted it to you on level 2 of the Elven Halls)
 30539 | Elf:2    | Received a gift from Okawaru
 30729 | Elf:3    | Entered Level 3 of the Elven Halls
 31066 | Elf:3    | Found an ancient bone altar of Kikubaaqudgha.
 31406 | Snake:2  | Found a glowing silver altar of Zin.
 31481 | Snake:2  | Noticed Azrael
 31489 | Snake:2  | Killed Azrael
 31797 | Snake:2  | Noticed Aizul
 31798 | Snake:2  | Noticed Saint Roka
 31820 | Snake:2  | Mangled by a naga

Illustrated notes

Levels and vault maps discovered:
D:1:      dpeg_arrival_pits, layout_basic,
          shapermc_ecumenical_altar_mp_urbaneastern
D:2:      layout_basic, minmay_misc_feat_pillars, minmay_crystal_room
D:3:      layout_basic, mainiacjoe_overflow_brackets
D:4:      layout_basic, mainiacjoe_overflow_catwalk_spiral, serial_shops,
          nicolae_diamond_shop, shop
D:5:      layout_cave_pools, ebering_ghost_inner_flame
D:6:      layout_loops_corners, minmay_temple_entry_purple_smoke,
          minmay_pentangle
D:7:      layout_loops_ring, nicolae_uskayaw_en_pointe, hangedman_decor_lopped,
          minmay_fractal_squares_gapless_5, uniq_crazy_yiuf_cottage,
          uniq_harold, uniq_pikel, uniq_joseph
D:8:      layout_cave_pools, nzn_ghost_randoct, grunt_decor_one_mirror
D:9:      layout_basic, jmf_multi_god_temple, minmay_misc_feat_five,
          uniq_prince_ribbit1
D:10:     minmay_the_grid_net [minmay_the_grid_small_cups,
          minmay_the_grid_empty, minmay_the_grid_doors, minmay_the_grid_slots,
          minmay_the_grid_fan, minmay_the_grid_prize_four_corners],
          layout_stronghold, lair_entry_dummy, hangedman_decor_clover_reticule
D:11:     layout_basic, gammafunk_ghost_berserking_beasts,
          kennysheep_orc_sif_temple, uniq_grum
D:12:     layout_loops_ring, minmay_orc_entry_temple_small, uniq_fannar
D:13:     layout_cave_pools, enter_trove_6
D:14:     layout_loops_cross, erik_vaults_2, serial_undead, serial_undead_a,
          serial_undead_f, serial_undead_c, serial_undead_a, serial_shops, shop,
          nicolae_elyvilon_peaceful_grove, uniq_frances, uniq_josephine
D:15:     grunt_enter_depths_hoard, layout_loops_ring, kiku_gazebo_pond_becter,
          uniq_roxanne
Temple:   compressed_dpeg_circular_temple
Lair:1:   layout_long_grid, kennysheep_rathole, grunt_megastairs_5,
          serial_bayou_shore_b, lemuel_fruit_fields
Lair:2:   layout_gridlike, minmay_swamp_entry_worms, minmay_lair_oklob_items
Lair:3:   layout_misc_corridors, dummy_snake_entry,
          gammafunk_ghost_abyssal_escape
Lair:4:   cheibrodos_magma_flow, layout_cave_pods, nicolae_lair_lindhole,
          lemuel_fruit_tree, uniq_nergalle
Lair:5:   layout_regular_city, uniq_nessos
Lair:6:   evil_forest, layout_regular_city, slime_altar_1, gammafunk_ghost_icy,
          st_stairs_5, fungi_pond_lemuel, minmay_hedge_maze
Swamp:1:  layout_basic_swamp, ebering_ghost_xom, basic_altar, swamp_pool2
Snake:1:  layout_layer_cave
Snake:2:  layout_onion, serial_shops, nicolae_shop_waterfront, basic_altar,
          nicolae_snake_slithery_corners, nicolae_snake_gridmaze_entwining,
          drop_trap, nicolae_snake_storage_room, serial_bayou_shore_b,
          uniq_aizul, uniq_nikola, uniq_saint_roka, uniq_azrael
Orc:1:    layout_caves, portal_ice_cave_rime, gammafunk_ghost_necromancy
Orc:2:    grunt_orc_gardens, layout_diamond_mine, grunt_orc_garden,
          grunt_orc_garden, grunt_orc_garden, grunt_orc_garden, serial_shops,
          nicolae_shop_stone
Elf:1:    layout_loops_corners, serial_shops, shop, minmay_elf_annihilation
Elf:2:    elven_hall_of_blades_hangedman_original
          [nicolae_blade_entry_sentries_behind_glass], layout_loops_cross,
          serial_shops, shop_statue, nicolae_shop_statue_plus, shop,
          nicolae_shop_trees, minivault_25_ag, lemuel_upstairs_altar
Elf:3:    minmay_elf_hall, layout_geoelf_castle, basic_altar

Skill      XL: |  1  2  3  4  5  6  7  8  9 10 11 12 13 14 15 16 17 |
---------------+----------------------------------------------------+-----
Fighting       | 4 5 6 7 9 10 12 14 15 16 18 19 | 19.3
Armour         | 4 5 6 7 9 10 12 13 14 15 | 15.7
Shields        | 4 5 6 7 9 11 12 14 16 | 16.9
Long Blades    | 3 4 5 6 7 9 11 13 15 16 17 18 19 20 | 20.9
Dodging        | 1 3 4 5 6 8 9 10 11 12 | 12.0
Stealth        | 1 2 3 4 |  4.1
Evocations     | 1 |  1.5
Invocations    | 1 |  1.8

Action                   |  1- 3 |  4- 6 |  7- 9 | 10-12 | 13-15 | 16-18 || total
-------------------------+-------+-------+-------+-------+-------+-------++-------
Melee: Long sword        |    73 |   119 |   259 |       |       |       ||   451
       Headbutt          |    14 |    17 |    57 |   119 |   425 |   222 ||   854
       Scimitar          |       |       |    14 |   580 |  1490 |   817 ||  2901
Invok: Heroism           |       |       |       |     2 |    10 |     5 ||    17
Evoke: Wand              |       |       |       |     4 |     8 |     1 ||    13
  Use: Scroll            |       |     3 |     3 |     3 |    15 |    12 ||    36
       Potion            |       |       |     2 |     1 |     6 |     3 ||    12
 Stab: Paralysed         |       |       |       |       |     4 |       ||     4
       Sleeping          |       |       |       |       |     2 |     1 ||     3
       Distracted        |       |       |       |       |     1 |       ||     1
Armor: Scale mail        |    25 |    53 |    90 |   172 |   124 |       ||   464
       Chain mail        |       |     1 |       |       |       |    76 ||    77
       Ice dragon scales |       |       |       |       |   262 |   163 ||   425
Dodge: Dodged            |    32 |    47 |   105 |   359 |   930 |   415 ||  1888
Block: Buckler           |    16 |    19 |    59 |   164 |   684 |   372 ||  1314
